AoeStats
← 陟遐自迩

Oasis

507035467Analyzed
4v4 RM · 16d ago on Sep 16, 2026· 23m 9s· 8 players
Game mode
Random Map
Map size
Large (8 player)
Population
200
Speed
Normal
Resources
Standard
Victory
Conquest
Starting age
Dark Age
Ending age
Imperial Age
RankedLock teamsTeams togetherTeam positionsShared explorationLock speedFull tech treeHidden civsTurbo modeCheats
Victory
Defeat
🇦🇺 Wei · Australia
1082
+15
🇮🇳 Burgundians · India
1040
+17
🇮🇳 Muisca · India
1013
+19
🇮🇳 Bulgarians · India
1003
+18
🇪🇸 Goths · Spain
1074
-18
🇫🇷 Chinese · France
1069
-18
🇩🇪 Persians · Germany
1048
-17
🇨🇳 Sicilians · China
1023
-16
King Feet
0:50 Loom
11:15 Feudal Age
11:50 Champi Runner
18:38 Castle Age
21:00 Horse Collar
21:05 Double-Bit Axe
21:10 Gold Mining
21:11 Stone Mining
23:22 Wheelbarrow
ExxTACSY
0:57 Loom
13:05 Feudal Age
13:36 Arson
15:27 Forging
18:38 Scale Mail Armor
Ninja-Rio
11:24 Feudal Age
11:29 Feudal Age
16:51 Castle Age
15:12 Double-Bit Axe
15:09 Horse Collar
17:43 Husbandry
17:37 Cavalier
18:25 Scale Barding Armor
18:32 Forging
KingJo
7:15 Loom
10:08 Feudal Age
10:38 Horse Collar
10:44 Double-Bit Axe
21:35 Castle Age
21:10 Bloodlines
21:40 Scale Barding Armor
23:18 Bow Saw
23:13 Heavy Plow
Gosu
11:48 Feudal Age
12:30 Double-Bit Axe
12:27 Horse Collar
23:32 Castle Age
|GaoeG| Ratarax
11:51 Feudal Age
15:43 Castle Age
13:54 Double-Bit Axe
13:56 Horse Collar
17:32 Wheelbarrow
18:38 Bow Saw
23:20 Hand Cart
Dio
11:36 Feudal Age
11:17 Loom
17:43 Castle Age
20:44 Horse Collar
陟遐自迩
0:48 Loom
12:50 Feudal Age
13:59 Horse Collar
16:25 Forging
19:15 Castle Age
17:38 Double-Bit Axe
18:08 Stone Mining
19:22 Scale Barding Armor
21:20 Wheelbarrow
21:11 Bow Saw
22:40 Heavy Plow
Connection lost

Rejoining the realm…

Still unreachable

The connection could not be restored.

Session expired

The server has moved on; the page needs a fresh start.